 Dungeon Crawl Stone Soup version 0.31.0-9-g3a7656b989 (webtiles) character file.

Game seed: 4013029753856112541

2557 qw the Nimble (level 9, -7/44 HPs)
             Began as a Spriggan Hunter on Feb 2, 2024.
             Was a Follower of Okawaru.
             Killed from afar by an acid dragon (15 damage)
             ... with a splash of acid
             ... on level 8 of the Dungeon.
             The game lasted 00:00:36 (7149 turns).

qw the Nimble (Spriggan Hunter)                     Turns: 7149, Time: 00:00:37

Health: -7/44      AC: -2    Str:  7    XL:     9   Next: 31%
Magic:  11/11      EV: 31    Int: 11    God:    Okawaru [*.....]
Gold:   525        SH:  0    Dex: 22    Spells: 8/8 levels left

rFire   . . .        f - +0 orcbow
rCold   . . .        (shield currently unavailable)
rNeg    . . .        c - +0 robe
rPois   +            (helmet restricted)
rElec   .            (no cloak)
rCorr   .            (gloves unavailable)
SInv    +            (boots unavailable)
Will    +....        (no amulet)
Stlth   ++           d - +5 ring of evasion
HPRegen 0.27/turn    q - +4 ring of slaying {mikee}
MPRegen 0.12/turn

%: no passive effects
@: corroded, very quick
A: very small, no large weapons, unfitting armour, see invisible, speed 3,
poison resistance
a: Renounce Religion, Heroism


You were on level 8 of the Dungeon.
You worshipped Okawaru.
Okawaru was aware of your devotion.
You visited 2 branches of the dungeon, and saw 9 of its levels.

You collected 525 gold pieces.


Innate Abilities, Weirdness & Mutations

You are very small and have problems with some larger weapons.
You are too small for most types of armour.
You have supernaturally acute eyesight. (SInv)
You cover ground extremely quickly. (Speed+++)
Your system is resistant to poisons. (rPois)


   Skills:
 + Level 3.6 Fighting
 - Level 10.0 Ranged Weapons
 - Level 10.3 Dodging
 - Level 1.5 Stealth
 + Level 1.6 Invocations


You had 8 spell levels left.
You didn't know any spells.
Your spell library was empty.

Inventory:

Hand Weapons
 f - a +0 orcbow (weapon)
Armour
 c - a +0 robe (worn)
Jewellery
 d - a +5 ring of evasion (left hand)
 n - a ring of fire
 q - a +4 ring of slaying (right hand) {mikee}
 Y - a ring of protection from fire
Wands
 h - a wand of digging (4)
Scrolls
 a - 3 scrolls of identify
 b - 2 scrolls of enchant armour
Potions
 e - 3 potions of mutation
 g - a potion of cancellation
 j - 2 potions of might
 m - a potion of curing
 o - a potion of enlightenment
 p - a potion of heal wounds {unknown}

Dungeon Overview and Level Annotations

Branches:
Dungeon (8/15)             Temple (1/1) D:7
   Lair: D:8-11

Altars:
Ashenzari
Cheibriados
Dithmenos
Elyvilon
Fedhas
Gozag
Hepliaklqana
Kikubaaqudgha
Makhleb
Nemelex Xobeh
Okawaru
Qazlal
Ru
Sif Muna
Trog
Wu Jian
Xom
Yredelemnul
Zin
The Shining One

Shops:
D:1 *

Portals:
Bailey: D:7

Annotations:
D:3 3 runed translucent doors, Ijyb; qw's ghost, amateur SpHu
D:6 1 runed translucent door, Crazy Yiuf
D:7 exclusion: goblin


Message History

The wight closely misses you.
You shoot an arrow. The arrow hits the wight!
The wight is severely damaged.
The wight completely misses you.
An acid dragon comes into view.
You shoot an arrow. The arrow hits the wight.
The wight is almost destroyed.
The wight misses you.
You shoot an arrow. The arrow hits the wight!
You destroy the wight!
Okawaru accepts your kill.
An orc wizard comes into view. It is wielding a +0 dagger.
You shoot an arrow.
The arrow barely misses the acid dragon.
The acid dragon spits acid at you. The splash of acid hits you!!
Ouch! That really hurt!
You hear an angry hiss.
You shoot an arrow.
The arrow hits the acid dragon but does no damage.
The acid dragon closely misses you. The acid dragon completely misses you.
You shoot an arrow. The arrow hits the acid dragon!
The acid dragon is heavily wounded.
The acid dragon misses you. The acid dragon completely misses you.
You shoot an arrow. The arrow hits the acid dragon.
The acid dragon is heavily wounded.
The acid dragon completely misses you. x2
The orc wizard mumbles some strange words.
The orc wizard flickers and vanishes for a moment.
You shoot an arrow. The arrow hits the acid dragon!
The acid dragon is almost dead.
The acid dragon spits acid at you. The splash of acid hits you!
The acid corrodes you!
A wyvern comes into view.
You shoot an arrow.
The arrow barely misses the acid dragon.
The arrow closely misses the orc wizard.
The acid dragon spits acid at you. The splash of acid hits you!
You die...

...#........#
...#........#
...#........#
............#
#...........## ##
.............# ..#
.............## ).#
.......#.#..#.####..#
.......#.#......@Do#
####....>#...###.##.#
###...............$
..#..........##.###..
...............).. ##
............###+ ##
............#
............#
............


You could see an acid dragon (catching breath) and an orc wizard (invisible).

Vanquished Creatures
  Sigmund (D:6)
  Eustachio (D:6)
  A steam dragon (D:8)
  A water moccasin (D:7)
  Duvessa (D:6)
  An ice beast (D:5)
  A sky beast (D:6)
  A black bear (D:6)
  An ogre (D:6)
  A centaur (D:8)
  2 phantoms (D:5)
  A gnoll sergeant (D:6)
  A scorpion (D:5)
  A bullfrog (D:6)
  A wight (D:8)
  Dowan (D:6)
  A howler monkey (D:4)
  A hound (D:5)
  3 bombardier beetles
  2 orc priests (D:8)
  2 gnoll boudas
  10 orc wizards
  A sleepcap (D:5)
  Natasha (thrice) (D:4)
  2 iguanas
  7 adders
  15 gnolls
  2 river rats (D:5)
  A shadow imp (D:7)
  2 white imps
  5 dart slugs
  4 ribbon worms
  23 orcs
  9 ball pythons
  2 bats
  7 endoplasms
  2 giant cockroaches
  5 hobgoblins
  2 jackals (D:1)
  2 quokkas
  5 frilled lizards
  6 goblins
  6 kobolds
  3 rats
150 creatures vanquished.

Notes
Turn   | Place    | Note
-------+----------+-------------------------------------------
     0 | D:1      | qw the Spriggan Hunter began the quest for the Orb.
     0 | D:1      | Reached XP level 1. HP: 10/10 MP: 2/2
     0 | D:1      | 0 ||| qw: Version: 0.3-a-155-g5e7d8dd
     0 | D:1      | 0 ||| qw: Game counter: 1480
     0 | D:1      | 0 ||| qw: Melee chars always use a shield: true
     0 | D:1      | 0 ||| qw: God list: Okawaru
     0 | D:1      | 0 ||| qw: Allow faded altars: false
     0 | D:1      | 0 ||| qw: Do Orc after clearing Dungeon:15 true
     0 | D:1      | 0 ||| qw: Do second Lair branch before Depths: true
     0 | D:1      | 0 ||| qw: Lair rune preference: random
     0 | D:1      | 0 ||| qw: Goals: Normal
     0 | D:1      | 0 ||| PLANNING D:1-11
    11 | D:1      | Found Ollen's Assorted Antiques.
    18 | D:1      | 18 ||| SHOPLISTING glowing cabochon ring (110 gold, have
                  | 0).
    18 | D:1      | 18 ||| SHOPLISTING glowing cloak (165 gold, have 0).
    18 | D:1      | 18 ||| SHOPLISTING murky amethyst potion (19 gold, have 0).
    18 | D:1      | 18 ||| SHOPLISTING scroll labelled GOSONA NAFO (22 gold,
                  | have 0).
    18 | D:1      | 18 ||| SHOPLISTING scroll labelled GUWIYS KOUKKY (22 gold,
                  | have 0).
    23 | D:1      | Reached skill level 3 in Dodging
    92 | D:1      | Reached XP level 2. HP: 14/14 MP: 3/3
   651 | D:1      | 651 ||| DROPPING amulet of magic regeneration.
   652 | D:1      | 652 ||| UPGRADING to +5 ring of evasion.
   653 | D:1      | 653 ||| UPGRADING to +4 ring of slaying {mikee}.
   654 | D:1      | 654 ||| DROPPING ring of willpower.
   655 | D:1      | 655 ||| READING scroll labelled QEGY KUEPOAWO.
   656 | D:1      | 656 ||| READING 2 scrolls labelled GUWIYS KOUKKY.
   656 | D:1      | 656 ||| IDENTIFYING smoky puce potion
   657 | D:1      | 657 ||| READING scroll of identify.
   657 | D:1      | 657 ||| IDENTIFYING fizzy inky potion
   658 | D:1      | 658 ||| READING scroll labelled COLINW JILOBAO.
   658 | D:1      | 658 ||| ENCHANTING +0 shortbow.
   659 | D:1      | 659 ||| READING scroll labelled ENOONE UVOLA.
   660 | D:1      | 660 ||| DROPPING scroll of butterflies.
   661 | D:1      | 661 ||| DROPPING potion of invisibility.
   662 | D:1      | 662 ||| DROPPING potion of lignification.
   741 | D:2      | Reached XP level 3. HP: 18/18 MP: 4/4
   791 | D:2      | 791 ||| READING scroll of enchant weapon.
   791 | D:2      | 791 ||| ENCHANTING +1 shortbow.
  1575 | D:2      | 1575 ||| UPGRADING to ring of poison resistance.
  1577 | D:2      | 1577 ||| READING scroll labelled BUENKYNGOT.
  1577 | D:2      | 1577 ||| ENCHANTING +2 shortbow.
  1578 | D:2      | 1578 ||| READING 2 scrolls labelled GOSONA NAFO.
  1582 | D:2      | 1582 ||| READING scroll labelled KENOOTUXTA.
  1605 | D:3      | Reached XP level 4. HP: 22/22 MP: 5/5
  1614 | D:3      | Noticed Ijyb
  1617 | D:3      | 1617 ||| FLEEEEING.
  1618 | D:3      | 1618 ||| FLEEEEING.
  1623 | D:3      | HP: 4/22 [constriction (4)]
  1624 | D:3      | 1624 ||| READING scroll of teleportation.
  1984 | D:3      | Found a shimmering blue altar of Sif Muna.
  2185 | D:3      | Found a faded altar of an unknown god.
  2235 | D:3      | Reached XP level 5. HP: 26/26 MP: 6/6
  2255 | D:3      | 2255 ||| FLEEEEING.
  2266 | D:3      | HP: 6/26 [constriction (5)]
  2267 | D:3      | 2267 ||| READING scroll of teleportation.
  2268 | D:3      | HP: 2/26 [Ijyb/+0 spear (3)]
  2442 | D:3      | Found a runed translucent gate.
  2442 | D:3      | Noticed qw's ghost (amateur SpHu)
  2443 | D:3      | Found a runed translucent gate.
  2443 | D:3      | Found a runed translucent gate.
  2693 | D:3      | 2693 ||| DROPPING ring of fire.
  2694 | D:3      | 2694 ||| READING scroll of identify.
  2694 | D:3      | 2694 ||| IDENTIFYING coppery potion
  2695 | D:3      | 2695 ||| READING scroll labelled HOUMYE UZAJAAS.
  2741 | D:3      | 2741 ||| DRINKING 2 metallic coppery potions.
  2742 | D:3      | 2742 ||| DROPPING potion of attraction.
  2743 | D:3      | 2743 ||| DROPPING potion of brilliance.
  3207 | D:4      | Reached skill level 6 in Ranged Weapons
  3213 | D:4      | Found a stormy altar of Qazlal.
  3248 | D:4      | Reached XP level 6. HP: 30/30 MP: 7/7
  3260 | D:4      | Reached skill level 6 in Dodging
  3421 | D:4      | Noticed Natasha
  3427 | D:4      | Killed Natasha
  3431 | D:4      | Found the +3 pair of mountain boots {steadfast, rC+}
  3478 | D:4      | Noticed Natasha
  3487 | D:4      | Killed Natasha
  3621 | D:4      | Noticed Natasha
  3625 | D:4      | 3625 ||| RETREEEEATING.
  3626 | D:4      | 3626 ||| RETREEEEATING.
  3627 | D:4      | 3627 ||| RETREEEEATING.
  3628 | D:4      | 3628 ||| FLEEEEING.
  3629 | D:4      | 3629 ||| FLEEEEING.
  3630 | D:4      | 3630 ||| FLEEEEING.
  3631 | D:4      | 3631 ||| FLEEEEING.
  3643 | D:4      | Killed Natasha
  3711 | D:4      | 3711 ||| DROPPING +4 ring of protection.
  3712 | D:4      | 3712 ||| READING scroll of identify.
  3712 | D:4      | 3712 ||| IDENTIFYING golden potion
  3713 | D:4      | 3713 ||| READING scroll labelled DISEEFFOQO.
  3714 | D:4      | 3714 ||| DRINKING 2 amethyst potions.
  3715 | D:4      | 3715 ||| DROPPING potion of degeneration.
  3716 | D:4      | 3716 ||| DROPPING potion of magic.
  3758 | D:5      | Entered Level 5 of the Dungeon
  3759 | D:5      | 3759 ||| PLANNING SEWER
  3985 | D:5      | Reached XP level 7. HP: 25/35 MP: 8/8
  4440 | D:5      | Found a glowing golden altar of the Shining One.
  4508 | D:5      | Found a basalt altar of Yredelemnul.
  4575 | D:5      | Found a glowing drain.
  4576 | D:5      | 4576 ||| RIP SEWER
  4576 | D:5      | 4576 ||| PLANNING D:1-11
  4645 | D:5      | 4645 ||| READING scroll labelled CYASMA XAOWK.
  4646 | D:5      | 4646 ||| READING scroll labelled XYTU XEONEIN.
  4647 | D:5      | 4647 ||| DRINKING 3 bubbling yellow potions.
  4647 | D:5      | Gained mutation: Your system is resistant to poisons.
                  | (rPois) [potion of mutation]
  4648 | D:5      | 4648 ||| REMOVING ring of poison resistance.
  4649 | D:5      | 4649 ||| DROPPING ring of poison resistance.
  4650 | D:5      | 4650 ||| UPGRADING to ring of protection from fire.
  4651 | D:5      | 4651 ||| UPGRADING to +4 ring of slaying {mikee}.
  4653 | D:5      | 4653 ||| DRINKING 2 dark potions.
  4654 | D:5      | 4654 ||| DRINKING 2 lumpy clear potions.
  4729 | D:6      | Noticed Sigmund
  4734 | D:6      | Killed Sigmund
  4735 | D:6      | Reached skill level 3 in Fighting
  4735 | D:6      | Reached XP level 8. HP: 40/40 MP: 9/9
  4840 | D:6      | 4840 ||| RETREEEEATING.
  4845 | D:6      | HP: 7/40 [gnoll sergeant/+0 spear (10)]
  4846 | D:6      | 4846 ||| READING scroll of teleportation.
  5111 | D:6      | Found a white marble altar of Elyvilon.
  5206 | D:6      | 5206 ||| DRINKING 2 black potions.
  5234 | D:5      | 5234 ||| PLANNING SEWER
  5278 | D:5      | 5278 ||| RIP SEWER
  5278 | D:5      | 5278 ||| PLANNING D:1-11
  5385 | D:6      | Noticed Duvessa
  5385 | D:6      | Noticed Dowan
  5386 | D:6      | 5386 ||| SWAPPING to +0 orcbow.
  5392 | D:6      | Killed Duvessa
  5394 | D:6      | Killed Dowan
  5395 | D:6      | Reached skill level 9 in Ranged Weapons
  5405 | D:6      | 5405 ||| DROPPING +2 shortbow.
  5447 | D:6      | Noticed Eustachio
  5454 | D:6      | 5454 ||| RETREEEEATING.
  5455 | D:6      | 5455 ||| RETREEEEATING.
  5456 | D:6      | Killed Eustachio
  5502 | D:6      | Reached skill level 9 in Dodging
  5584 | D:6      | Found a snail-covered altar of Cheibriados.
  5638 | D:6      | Found an ornate altar of the Wu Jian Council.
  5693 | D:6      | Found a runed translucent door.
  5694 | D:6      | Noticed Crazy Yiuf
  5823 | D:6      | 5823 ||| READING scroll of identify.
  5823 | D:6      | 5823 ||| IDENTIFYING murky amethyst potion
  5824 | D:6      | 5824 ||| READING scroll labelled EFIFRO EDO GAO.
  5984 | D:7      | Found a sacrificial altar of Ru.
  6004 | D:7      | Found a staircase to the Ecumenical Temple.
  6005 | D:7      | 6005 ||| PLANNING TEMPLE
  6012 | Temple   | Found a transporter.
  6012 | Temple   | Found a transporter.
  6012 | Temple   | Found a transporter.
  6012 | Temple   | Found a transporter.
  6012 | Temple   | Entered the Ecumenical Temple
  6013 | Temple   | 6013 ||| PLANNING OKAWARU WORSHIP
  6027 | Temple   | Became a worshipper of Warmaster Okawaru
  6028 | Temple   | 6028 ||| PLANNING D:1-11
  6110 | D:7      | Found a shadowy altar of Dithmenos.
  6236 | D:7      | Found a flagged portal.
  6270 | D:7      | Reached XP level 9. HP: 35/44 MP: 10/10
  6470 | D:7      | 6470 ||| READING scroll of identify.
  6470 | D:7      | 6470 ||| IDENTIFYING cyan potion
  6471 | D:7      | 6471 ||| READING scroll labelled GUT YTITEH.
  6572 | D:7      | 6572 ||| READING scroll labelled POVUAT HAUSOA.
  6573 | D:7      | 6573 ||| DROPPING wand of flame (22).
  6574 | D:7      | 6574 ||| DROPPING potion of berserk rage.
  6617 | D:8      | 6617 ||| STAIRDANCE
  6621 | D:7      | 6621 ||| DRINKING 2 potions of curing.
  6621 | D:7      | 6621 ||| (to cure confusion)
  6662 | D:8      | 6662 ||| STAIRDANCE
  6711 | D:8      | 6711 ||| FLEEEEING.
  6712 | D:8      | 6712 ||| FLEEEEING.
  6725 | D:8      | HP: 7/44 [orc priest/divine providence (16)]
  6935 | D:8      | Reached * piety under Okawaru
  7139 | D:8      | Reached skill level 1 in Invocations
  7148 | D:8      | HP: 8/44 [acid dragon/splash of acid (10)]
  7149 | D:8      | Killed from afar by an acid dragon

Levels and vault maps discovered:
D:1:      shiori_arrival_elements, layout_rooms, serial_shops, shop,
          kennysheep_boxes
D:2:      layout_loops_corners, roderic_roman_lattice
D:3:      layout_loops_corners, nicolae_sif_muna_little_library,
          ebering_ecumenical_altar_hall, gammafunk_ghost_nasty_kobolds,
          mrwooster_statue_mirror, uniq_ijyb
D:4:      layout_basic, grunt_qazlal_clouds, uniq_natasha
D:5:      layout_loops_ring, kennysheep_mini_moat,
          nicolae_tso_swordbearing_angel, portal_sewer_entry_e
D:6:      layout_basic, nicolae_elyvilon_temple_path, mainiacjoe_overflow_swirl,
          uniq_crazy_yiuf_cottage, uniq_eustachio, uniq_sigmund, uniq_duvessa
D:7:      layout_rooms, nicolae_dithmenos_the_darkroom, kennysheep_little_box,
          minmay_temple_entry_ruins, enter_bailey_5
D:8:      layout_basic, grunt_ministairs_15, minmay_shattered_shrine
Temple:   hellmonk_temple_divided_pantheon

Skill      XL: |  1  2  3  4  5  6  7  8  9 |
---------------+----------------------------+-----
Dodging        | 3 4 5 6 7 9 10 | 10.3
Ranged Weapons | 5 6 7 8 9 10 | 10.0
Fighting       | 2 3 |  3.6
Invocations    | 1 |  1.6
Stealth        | |  1.5

Action                     |  1- 3 |  4- 6 |  7- 9 || total
---------------------------+-------+-------+-------++-------
   Fire: Shortbow          |    85 |   203 |   111 ||   399
         Orcbow            |       |       |   170 ||   170
    Use: Scroll            |     9 |     6 |     8 ||    23
         Potion            |       |     2 |     5 ||     7
 Armour: Robe              |     9 |    18 |    31 ||    58
  Dodge: Dodged            |    16 |    90 |   127 ||   233

Table legend:
 A = Non-vault XP
 B = Vault XP
 C = Vault XP percentage of total XP
 D = Non-vault monster count
 E = Vault monster count
 F = Vault count percentage of total count
                 A         B        C        D         E       F
            +---------+---------+-------+---------+---------+-------
      Total |    2649 |    1004 |  27.5 |     126 |      24 |  16.0
            +---------+---------+-------+---------+---------+-------
        D:1 |      32 |       0 |   0.0 |      20 |       0 |   0.0
        D:2 |      52 |       0 |   0.0 |      13 |       0 |   0.0
        D:3 |     167 |       0 |   0.0 |      24 |       0 |   0.0
        D:4 |     242 |      35 |  12.6 |      17 |       1 |   5.6
        D:5 |     599 |      36 |   5.7 |      11 |       8 |  42.1
        D:6 |     716 |     641 |  47.2 |      13 |       4 |  23.5
        D:7 |     319 |      54 |  14.5 |      11 |       6 |  35.3
        D:8 |     522 |     238 |  31.3 |      17 |       5 |  22.7
            +---------+---------+-------+---------+---------+-------
